 Dungeon Crawl Stone Soup version 0.19-a0-1493-gd0fcaa6 (webtiles) character file.

60 Charly the Sneak (level 3, 0/24 HPs)
             Began as a Vampire Enchanter on Sept 9, 2016.
             Killed from afar by an electric eel (12 damage)
             ... with a bolt of electricity
             ... on level 6 of the Dungeon.
             The game lasted 00:11:36 (765 turns).

Charly the Sneak (Vampire Enchanter)                 Turns: 765, Time: 00:11:37

Health: 0/24       AC:  5    Str:  7    XL:     3   Next: 80%
Magic:  2/6        EV: 13    Int: 17    God:
Gold:   79         SH:  0    Dex: 15    Spells: 3 memorised, 0 levels left

rFire  . . .     SeeInvis +     a - +1 dagger
rCold  . . .     Gourm    .     b - +1 robe
rNeg   + . .     Faith    .     (no shield)
rPois  .         Spirit   .     (no helmet)
rElec  .         Dismiss  +     (no cloak)
rCorr  .         Reflect  .     f - +1 pair of gloves
MR     .....     Harm     .     (no boots)
Stlth  ++++......               i - amulet of dismissal
                                (no ring)
                                (no ring)

@: no status effects
A: fangs 3, see invisible, unbreathing
a: Bat Form


You were on level 6 of the Dungeon.
You were not thirsty.

You visited 1 branch of the dungeon, and saw 7 of its levels.

You collected 79 gold pieces.

Inventory:

Hand Weapons
 a - a +1 dagger (weapon)
Missiles
 p - 2 throwing nets (quivered)
Armour
 b - a +1 robe (worn)
 f - a +1 pair of gloves (worn)
Jewellery
 i - an amulet of dismissal (around neck)
 k - a -3 ring of intelligence
Scrolls
 e - a scroll of random uselessness {unknown}
 g - 2 scrolls of remove curse
 h - 2 scrolls of magic mapping {unknown}
 j - a scroll of amnesia {unknown}
 l - a scroll of identify {unknown}
 o - 3 scrolls of enchant weapon {unknown}
 s - a scroll of holy word {unknown}
 t - a scroll of noise {unknown}
Potions
 d - a potion of blood
 m - a potion of haste {unknown}
 n - a potion of cancellation {unknown}
 q - a potion of might {unknown}
 r - a potion of ambrosia {unknown}
Books
 c - a book of Maledictions

   Spells                             Type                      Level
   a - Corona                         Hexes                        1
   b - Ensorcelled Hibernation        Hexes/Ice                    2
   c - Confuse                        Hexes                        3
   d - Tukima's Dance                 Hexes                        3
   e - Dazzling Spray                 Conjuration/Hexes            3


   Skills:
 - Level 1.1 Short Blades
 - Level 2.1 Dodging
 + Level 6.0 Stealth
 - Level 2.0 Spellcasting
 + Level 5.8 Hexes


You couldn't memorise any spells.
You knew the following spells:

 Your Spells              Type           Power        Failure   Level  Hunger
a - Corona                Hex            ###....      1%          1    #......
c - Confuse               Hex            ###.....     8%          3    ###....
h - Ensorcelled Hibernat  Hex/Ice        ##....       12%         2    ###....


Dungeon Overview and Level Annotations

Branches:
Dungeon (7/15)
 Temple: D:4-7

Altars:


Innate Abilities, Weirdness & Mutations

You have razor-sharp teeth.
You have supernaturally acute eyesight. (SInv)
You can survive without breathing.


Message History

Found a ring mail.
An orc comes into view. It is wielding a hand axe.
The orc shouts!
An orc comes into view. It is wielding a dagger.
You see here a scroll of remove curse.
g - 2 scrolls of remove curse (gained 1)
An orc priest and an ogre come into view.
There is a stone staircase leading up here.
You climb upwards.
An electric eel comes into view.
The electric eel shoots out a bolt of lightning at you!
The bolt of electricity hits you!
Ouch! That really hurt!
* * * LOW HITPOINT WARNING * * *
Found a lumpy ruby potion and a robe.
There is a stone staircase leading down here.
The electric eel shoots out a bolt of lightning at you!
The bolt of electricity hits you!
Ouch! That really hurt!
You die...

≈≈≈≈≈≈≈≈≈≈≈≈≈≈≈
≈;≈≈≈≈≈≈≈≈≈≈≈≈≈≈
≈≈≈≈≈≈≈≈≈≈≈≈≈≈≈≈
≈≈.[≈≈..≈..≈≈≈≈.
................
.......!........
#............
#...>........
#....@.......
#............
#............
#............
#............
..............
###............
.............


You could see an electric eel.

Vanquished Creatures
  A worker ant (D:6)
  An adder (D:4)
  A worm (D:3)
  2 dart slugs
  An orc (D:5)
  A giant cockroach (D:1)
  2 goblins (D:1)
  3 hobgoblins (D:1)
  2 jackals (D:5)
  2 kobolds
  A ball python (D:5)
  2 giant newts (D:1)
  3 rats (D:1)
22 creatures vanquished.

Notes
Turn   | Place    | Note
-------+----------+-------------------------------------------
     0 | D:1      | Charly the Vampire Enchanter began the quest for the Orb.
     0 | D:1      | Reached XP level 1. HP: 13/13 MP: 3/3
   122 | D:1      | Reached XP level 2. HP: 19/19 MP: 5/5
   127 | D:1      | Learned a level 2 spell: Ensorcelled Hibernation
   187 | D:1      | Reached skill level 5 in Stealth
   230 | D:1      | Reached skill level 5 in Hexes
   389 | D:5      | Entered Level 5 of the Dungeon
   429 | D:4      | Reached XP level 3. HP: 24/24 MP: 6/6
   435 | D:4      | Learned a level 3 spell: Confuse
   608 | D:6      | Noticed an ogre
   625 | D:6      | Reached skill level 6 in Stealth
   654 | D:5      | Noticed a phantom
   743 | D:7      | Noticed a phantom
   760 | D:7      | Noticed an ogre
   765 | D:6      | Killed from afar by an electric eel

Vault maps used:
D:1:      tarquinn_simple_flora_water_f
D:2:      led_sif_pool, uniq_terence
D:3:      minmay_hedge_maze, grunt_decor_cap, kennysheep_generic_room_12
D:4:      first_bread
D:5:      serial_shops, shop, grunt_gozag_statues
D:6:      minmay_goblin_kobold_castle, minmay_small_thing, uniq_menkaure
D:7:      nicolae_whirlpool, basic_altar, serial_shops, nicolae_shop_stone,
          okawaru_ov_weapons_minmay

Skill      XL: |  1  2  3 |
---------------+----------+-----
Stealth        | 5 6 |  6.0
Hexes          | 5 |  5.8
Short Blades   | |  1.1
Dodging        | |  2.1
Spellcasting   | |  2.0

Action                   || total
-------------------------++-------
Melee: Dagger            ||    54
       Bite              ||     2
 Cast: Corona            ||     6
       Ensorcelled Hiber ||     6
       Confuse           ||     3
  Use: Scroll            ||     3
 Stab: Sleeping          ||    12
Armor: Robe              ||    11
Dodge: Dodged            ||    37
